 Dungeon Crawl Stone Soup version 0.28-a0-909-g796cbd3a86 (webtiles) character file.

Game seed: 12043325349077474238

139412 ragingrage the Severer (level 16, -12/153 HPs)
             Began as a Palentonga Warper on Nov 24, 2021.
             Was the Champion of Okawaru.
             Mangled by the 26-headed Lernaean hydra (14 damage)
             ... on level 4 of the Swamp.
             The game lasted 00:48:17 (29951 turns).

ragingrage the Severer (Palentonga Warper)         Turns: 29951, Time: 00:48:17

Health: -12/153    AC: 34    Str: 30    XL:     16   Next: 73%
Magic:  5/20       EV: 11    Int: 15    God:    Okawaru [******]
Gold:   1700       SH:  0    Dex: 15    Spells: 12/19 levels left

rFire   . . .      SeeInvis +   R - +12 battleaxe "Dragon's Tongue" {flame, Contam Str+7}
rCold   + . .      Faith    .   (shield currently unavailable)
rNeg    + + .      Spirit   .   O - +3 ring mail of the Leaf {Contam Will+ Slay+5}
rPois   +          Reflect  .   G - +1 helmet of the Lonely Priests {Harm rElec rPois SInv}
rElec   +          Harm     +   N - +1 cloak
rCorr   +          Rampage  .   k - +0 pair of gloves of Boifo {rN+ Regen+ Dex+4}
Will    ++...                   b - +0 barding "Ykuss" {rElec Regen+ rCorr Dex-3}
Stlth   ++........              F - amulet of Fihudah {rN+ Regen+ Str+7}
HPRegen 3.35/turn               E - +4 ring of protection
MPRegen 0.17/turn               i - ring of protection from cold

@: heroic, studying Translocations, curled up
A: large, rugged brown scales 3, see invisible, deformed body, roll 1, armoured
tail, reflexive curl
a: Rolling Charge, Renounce Religion, Heroism, Finesse, Duel


You were on level 4 of the Swamp.
You worshipped Okawaru.
Okawaru was exalted by your worship.
You visited 5 branches of the dungeon, and saw 28 of its levels.
You also visited: Gauntlet.

You collected 2652 gold pieces.
You spent 952 gold pieces at shops.

Inventory:

Hand Weapons
 a - a +6 spectral executioner's axe
 R - the +12 battleaxe "Dragon's Tongue" (weapon) {flame, Contam Str+7}
   (Okawaru gifted it to you on level 6 of the Lair of Beasts)

   It burns those it strikes, dealing additional fire damage.
   Big, fiery blades are also staple armaments of hydra-hunters.
   Str:       It affects your strength (+7).
   Contam:    It causes magical contamination when unequipped.
 Y - the +8 storm bow {elec, penet}
   (You took it off a minotaur in a Gauntlet)

   Any ammunition fired from it occasionally discharges a powerful burst of
   electricity upon striking a foe.
   Any ammunition fired by it passes through the targets it hits, potentially
   hitting all targets in its path until it reaches maximum range.
Missiles
 d - 8 boomerangs of dispersal
 l - 128 poisoned darts
 t - 2 javelins
 U - 11 curare-tipped darts (quivered)
 V - 3 silver boomerangs
 W - a throwing net
 Z - 7 silver javelins
Armour
 b - the +0 barding "Ykuss" (worn) {rElec Regen+ rCorr Dex-3}
   (Okawaru gifted it to you on level 15 of the Dungeon)

   Dex:       It affects your dexterity (-3).
   rElec:     It insulates you from electricity.
   Regen:     It increases your rate of health regeneration.
   rCorr:     It protects you from acid and corrosion.
 k - the +0 pair of gloves of Boifo (worn) {rN+ Regen+ Dex+4}
   (You found it on level 15 of the Dungeon)

   Dex:       It affects your dexterity (+4).
   rN:        It protects you from negative energy.
   Regen:     It increases your rate of health regeneration.
 G - the +1 helmet of the Lonely Priests (worn) {Harm rElec rPois SInv}
   (You found it on level 15 of the Dungeon)

   rElec:     It insulates you from electricity.
   rPois:     It protects you from poison.
   SInv:      It lets you see invisible.
   Harm:      It increases damage dealt and taken.
 N - a +1 cloak (worn)
 O - the +3 ring mail of the Leaf (worn) {Contam Will+ Slay+5}
   (You found it on level 2 of the Lair of Beasts)

   Slay:      It affects your accuracy & damage with ranged weapons and melee
   (+5).
   Contam:    It causes magical contamination when unequipped.
   Will:      It increases your willpower.
Jewellery
 g - a +6 ring of strength
 i - a ring of protection from cold (right hand)
 p - a ring of protection from fire
 v - a ring of willpower
 E - a +4 ring of protection (left hand)
 F - the amulet of Fihudah (around neck) {rN+ Regen+ Str+7}
   (You found it on level 10 of the Dungeon)

   [amulet of regeneration]

   Str:       It affects your strength (+7).
   rN:        It protects you from negative energy.
   Regen:     It increases your rate of health regeneration.
 X - the ring "Gisu" {Fire *Corrode rPois rN+++ Dex-5}
   (You found it in a Gauntlet)

   [ring of fire]

   It enhances your fire magic.
   Dex:       It affects your dexterity (-5).
   rF:        It protects you from fire.
   rC:        It makes you vulnerable to cold.
   rPois:     It protects you from poison.
   rN:        It renders you almost immune to negative energy.
   *Corrode:  It may corrode you when you take damage.
Wands
 n - a wand of flame (47)
 w - a wand of digging (10)
 A - a wand of iceblast (2)
 C - a wand of mindburst (30)
 I - a wand of acid (25)
 K - a wand of paralysis (26)
Scrolls
 c - 4 scrolls of blinking
 j - 4 scrolls of enchant armour
 r - 11 scrolls of identify
 B - 12 scrolls of teleportation
 H - 4 scrolls of fog
 L - 2 scrolls of fear
 S - a scroll of magic mapping
 T - 3 scrolls of amnesia
Potions
 e - 12 potions of curing
 f - 7 potions of heal wounds
 h - a potion of berserk rage
 m - 5 potions of attraction
 o - 5 potions of resistance
 q - 3 potions of brilliance
 s - 3 potions of might
 u - 2 potions of flight
 x - 9 potions of lignification
 z - 5 potions of mutation
 D - a potion of haste {unknown}
 J - 2 potions of invisibility
 M - a potion of magic
 P - a potion of cancellation
Miscellaneous
 Q - a tin of tremorstones (2/2)


   Skills:
 + Level 18.2(23.2) Fighting
 - Level 20.0(25.0) Axes
 - Level 0.6(5.6) Throwing
 + Level 6.6(11.6) Armour
 + Level 4.5(9.5) Dodging
 - Level 2.0 Spellcasting
 + Level 12.2 Translocations
 - Level 6.0 Invocations
 + Level 10.2 Evocations


You had 12 spell levels left.
You knew the following spells:

 Your Spells              Type           Power      Damage    Failure   Level
a - Manifold Assault      Tloc           38%        N/A       5%          5
b - Blink                 Tloc           76%        N/A       1%          2

Your spell library contained the following spells:

 Spells                   Type           Power      Damage    Failure   Level
 Gell's Gravitas          Tloc           38%        N/A       1%          3
 Lesser Beckoning         Tloc           38%        N/A       1%          3
 Teleport Other           Tloc           38%        N/A       1%          3
 Portal Projectile        Hex/Tloc       38%        N/A       7%          3
 Beastly Appendage        Tmut           2%         N/A       28%         1
 Magic Dart               Conj           4%         1d3       28%         1
 Pain                     Necr           4%         1d4       28%         1
 Slow                     Hex            4%         N/A       28%         1
 Corpse Rot               Necr/Air       2%         N/A       41%         2
 Ensorcelled Hibernation  Hex/Ice        2%         N/A       41%         2
 Wereblood                Tmut           1%         N/A       41%         2
 Confusing Touch          Hex            1%         N/A       65%         3
 Conjure Flame            Conj/Fire      1%         6-21      65%         3
 Frozen Ramparts          Ice            2%         1d2       65%         3
 Mephitic Cloud           Conj/Pois/Air  1%         N/A       65%         3
 Spider Form              Tmut/Pois      1%         N/A       65%         3
 Vampiric Draining        Necr           1%         2d6       65%         3
 Airstrike                Air            0%         N/A       96%         4
 Dispel Undead            Necr           1%         3d6       96%         4
 Ice Form                 Ice/Tmut       1%         N/A       96%         4
 Leda's Liquefaction      Hex/Erth       0%         N/A       96%         4
 Petrify                  Tmut/Erth      1%         N/A       96%         4
 Sticky Flame             Conj/Fire      1%         2d3       96%         4
 Agony                    Necr           1%         N/A       100%        5
 Excruciating Wounds      Necr           0%         N/A       100%        5
 Fireball                 Conj/Fire      0%         3d3       100%        5
 Lightning Bolt           Conj/Air       0%         1d11      100%        5
 Metabolic Englaciation   Hex/Ice        0%         N/A       100%        5
 Conjure Ball Lightning   Conj/Air       0%         3x3d6     100%        6
 Eringya's Noxious Bog    Tmut/Pois      0%         N/A       100%        6
 Starburst                Conj/Fire      0%         6d3       100%        6
 Statue Form              Tmut/Erth      0%         N/A       100%        6
 Orb of Destruction       Conj           0%         N/A       100%        7
 Discord                  Hex            0%         N/A       100%        8
 Disjunction              Tloc           19%        N/A       100%        8
 Ignition                 Fire           0%         3d3       100%        8
 Call Imp                 Summ           Unusable   N/A       N/A         2
 Summon Forest            Summ/Tloc      Unusable   N/A       N/A         5
 Call Canine Familiar     Summ           Unusable   N/A       N/A         3
 Summon Guardian Golem    Hex/Summ       Unusable   N/A       N/A         3
 Tukima's Dance           Hex            Unusable   N/A       N/A         3
 Summon Ice Beast         Ice/Summ       Unusable   N/A       N/A         4
 Summon Lightning Spire   Summ/Air       Unusable   N/A       N/A         4
 Death Channel            Necr           Unusable   N/A       N/A         6
 Spellforged Servitor     Conj/Summ      Unusable   N/A       N/A         7
 Summon Hydra             Summ           Unusable   N/A       N/A         7

Dungeon Overview and Level Annotations

Branches:
Dungeon (15/15)            Temple (1/1) D:7            Lair (6/6) D:11
  Swamp (4/4) Lair:3        Snake (0/4) Lair:2        Slime (0/5) Lair:5
    Orc (2/2) D:11            Elf (0/3) Orc:2        Vaults (0/5) D:14
 Depths (0/4) D:15        Gauntlet (visited)

Altars:
Dithmenos
Fedhas
Gozag
Kikubaaqudgha
Makhleb
Nemelex Xobeh
Okawaru
Sif Muna
Trog
Vehumet
Wu Jian
Xom
Yredelemnul
The Shining One
Beogh
Jiyva

Shops:
D:13 [   Orc:2 =::*

Annotations:
D:2 exclusion: downstairs
D:4 exclusion: downstairs
D:7 1 runed translucent door, siradein's ghost, novice GrHu
Lair:1 2 transporters, Gainor's ghost, novice HuMo
Swamp:4 Lernaean hydra


Innate Abilities, Weirdness & Mutations

You are completely covered in rugged brown scales. (AC +3, +7% HP)
You have supernaturally acute eyesight. (SInv)
Armour fits poorly on your strangely shaped body.
You can roll at nearby foes to attack.
You have a long armoured tail.
You curl defensively after being hit. (AC +7*)


Message History

The 27-headed Lernaean hydra bites you but does no damage.
The 27-headed Lernaean hydra barely misses you.
The 27-headed Lernaean hydra bites you but does no damage. x4
The 27-headed Lernaean hydra barely misses you.
The 27-headed Lernaean hydra bites you but does no damage.
The 27-headed Lernaean hydra closely misses you.
The 27-headed Lernaean hydra bites you but does no damage. x2
The 27-headed Lernaean hydra bites you!
The 27-headed Lernaean hydra closely misses you.
The 27-headed Lernaean hydra bites you but does no damage.
The 27-headed Lernaean hydra bites you!
The 27-headed Lernaean hydra bites you but does no damage. x2
The 27-headed Lernaean hydra bites you.
The 27-headed Lernaean hydra bites you but does no damage.
You chop one of the 27-headed Lernaean hydra's heads off!
The flame cauterises the wound!
You open the 26-headed Lernaean hydra like a pillowcase!!!
You burn the 26-headed Lernaean hydra!!
The 26-headed Lernaean hydra is almost dead.
The 26-headed Lernaean hydra bites you but does no damage. x3
The 26-headed Lernaean hydra bites you!
* * * LOW HITPOINT WARNING * * *
The 26-headed Lernaean hydra bites you but does no damage. x2
The 26-headed Lernaean hydra bites you!
* * * LOW HITPOINT WARNING * * *
The 26-headed Lernaean hydra bites you!
* * * LOW HITPOINT WARNING * * *
The 26-headed Lernaean hydra completely misses you.
The 26-headed Lernaean hydra barely misses you.
The 26-headed Lernaean hydra bites you but does no damage.
The 26-headed Lernaean hydra closely misses you.
The 26-headed Lernaean hydra bites you but does no damage.
The 26-headed Lernaean hydra bites you!
* * * LOW HITPOINT WARNING * * *
The 26-headed Lernaean hydra bites you but does no damage.
The 26-headed Lernaean hydra bites you!
* * * LOW HITPOINT WARNING * * *
The 26-headed Lernaean hydra bites you but does no damage.
The 26-headed Lernaean hydra bites you!
You die...

♣≈≈#≈♣♣♣≈...♣ #D
♣≈≈.♣♣#....♣♣ #.
♣≈#.♣♣♣.≈...♣ #≈≈
#♣♣♣♣.≈♣.≈..≈♣♣ #.≈
#≈.♣♣♣≈♣..♣♣♣♣ ≈≈≈
#≈.♣♣♣§≈.≈♣♣♣♣ #≈#
#≈########†♣♣♣..≈..≈♣
.#≈.≈#≈≈.†##≈..♣♣≈≈♣♣≈..♣♣♣
....≈.≈†.)D@°..§..≈♣.≈≈...♣♣
.≈≈≈#≈†.≈##≈≈..≈..(..≈≈≈≈≈.≈
≈§≈≈≈≈≈≈≈####.≈♣...≈.♣♣♣♣.≈.
###≈≈#### ≈.♣♣♣≈≈.≈.♣ ♣≈§≈
### ≈.♣♣♣≈♣...≈♣♣ ♣≈≈≈ ♣♣
♣.≈.≈.♣♣♣ ♣♣.≈
♣♣≈#..≈≈♣♣♣♣.≈
♣.........≈≈.≈
#§†...§≈....≈≈


You could see the 26-headed Lernaean hydra (corroded).

Vanquished Creatures
  Rupert (D:13)
  2 thorn hunters
  Donald (Swamp:2)
  The ghost of AyAyRon the Bludgeoner, an adept DsFi of Yredelemnul (D:15)
  A very ugly thing (D:15)
  Nessos (D:13)
  5 bunyips
  A minotaur (Gauntlet)
  An eleionoma (Swamp:3)
  Snorg (Lair:6)
  A great orb of eyes (D:15)
  8 vault guards (D:14)
  23 hydras
  3 catoblepae
  3 boulder beetles
  A rakshasa (D:15)
  5 centaur warriors
  12 alligators
  4 two-headed ogres
  A two-headed ogre (shapeshifter) (Gauntlet)
  A spectral frost giant (D:15)
  A deep troll shaman (Lair:6)
  6 death yaks (Lair:6)
  A spectral storm dragon (D:15)
  Sonja (Lair:6)
  A fire crab (Lair:5)
  3 spriggan druids
  5 goliath frogs
  2 sea snakes (shapeshifter)
  3 bog bodies
  A lindwurm (Lair:6)
  5 swamp dragons
  A phantasmal warrior (D:15)
  A necromancer (D:15)
  3 deep elf pyromancers
  14 ugly things
  A stone giant zombie (D:15)
  10 orc sorcerers (Orc:2)
  A wolf spider (Lair:4)
  6 cyclopes
  3 slime creatures (D:15)
  2 oklob plants
  7 will-o-the-wisps
  Joseph (D:10)
  4 manticores (D:14)
  14 elephants
  4 black mambas
  11 cane toads
  An unseen horror (D:12)
  2 gargoyles
  Psyche (D:12)
  2 kobold demonologists
  2 minotaur zombies (Gauntlet)
  A torpor snail (Lair:6)
  4 rime drakes
  6 komodo dragons
  A spectral human (D:15)
  4 trolls
  3 meliai (D:14)
  A queen bee (shapeshifter) (D:14)
  2 bloated husks
  8 tyrant leeches
  2 polar bears
  6 hornets
  Grinder (D:3)
  9 blink frogs
  15 dream sheep
  An iron dragon simulacrum (D:15)
  7 spriggans
  A tarantella (shapeshifter) (D:15)
  2 wyverns
  52 yaks
  8 basilisks
  A water elemental (D:14)
  2 wraiths
  A vampire (D:9)
  A human (shapeshifter) (D:14)
  2 steam dragons
  7 vampire mosquitoes (Swamp:1)
  8 wargs (Orc:2)
  10 water moccasins
  19 swamp worms
  2 nagas (Lair:2)
  3 acid dragons
  Duvessa (D:5)
  2 sky beasts
  3 black bears
  9 swamp drakes
  18 orc warriors
  3 ice beasts
  4 necrophages (Lair:4)
  A hornet zombie (D:7)
  7 ogres
  4 boggarts (D:15)
  7 centaurs
  A phantom (D:5)
  18 wolves
  4 kobold brigands
  12 bullfrogs
  A gnoll sergeant (D:9)
  A scorpion (D:6)
  Dowan (D:5)
  6 killer bees
  5 wights (D:8)
  An electric eel (D:14)
  A bullfrog zombie (D:5)
  4 centaur zombies
  12 orc priests
  2 centaur skeletons
  5 gnoll shamans
  A hound (D:7)
  2 jellies
  6 iguanas
  42 orc wizards
  Natasha (thrice) (D:3)
  A howler monkey zombie (D:5)
  Robin (D:2)
  22 gnolls
  5 adders
  A shadow imp (D:6)
  2 worms
  4 dart slugs
  70 orcs
  4 ball pythons
  7 endoplasms
  5 giant cockroaches
  19 goblins
  8 hobgoblins
  19 kobolds
  3 quokkas
  4 bats
  2 frilled lizards
  6 rats
  A plant (Lair:6)
758 creatures vanquished.

Vanquished Creatures (others)
  A bloated husk (Swamp:1)
  3 hornets (Swamp:1)
  2 spriggans (Swamp:1)
  An orc wizard (Orc:2)
  14 foxfires
  29 fungi
  40 plants
  2 withered plants (D:7)
92 creatures vanquished.

Grand Total: 850 creatures vanquished

Notes
Turn   | Place    | Note
-------+----------+-------------------------------------------
     0 | D:1      | ragingrage the Palentonga Warper began the quest for the
                  | Orb.
     0 | D:1      | Reached XP level 1. HP: 17/17 MP: 3/3
   513 | D:1      | Reached XP level 2. HP: 22/23 MP: 5/5
   892 | D:1      | Reached skill level 3 in Axes
  1555 | D:1      | Reached XP level 3. HP: 8/28 MP: 6/6
  1764 | D:1      | Identified a scroll of acquirement
  1764 | D:1      | Acquired a +3 executioner's axe of venom
  1830 | D:2      | Noticed Robin
  2104 | D:2      | Killed Robin
  2105 | D:2      | Reached skill level 4 in Axes
  2290 | D:2      | Reached XP level 4. HP: 26/35 MP: 7/7
  2490 | D:2      | Found a shadowy altar of Dithmenos.
  2673 | D:3      | Noticed Grinder
  2981 | D:3      | Found a faded altar of an unknown god.
  2985 | D:3      | Paralysed by Grinder for 6 turns
  3010 | D:3      | Killed Grinder
  3011 | D:3      | Reached skill level 6 in Axes
  3011 | D:3      | Reached XP level 5. HP: 40/40 MP: 8/8
  3011 | D:3      | Reached XP level 6. HP: 47/47 MP: 9/9
  3175 | D:3      | Noticed Natasha
  3177 | D:3      | Killed Natasha
  3325 | D:3      | Noticed Natasha
  3335 | D:3      | Killed Natasha
  3339 | D:3      | Noticed Natasha
  3346 | D:3      | Killed Natasha
  3352 | D:3      | Reached skill level 7 in Axes
  3739 | D:4      | Reached skill level 1 in Armour
  3749 | D:4      | Gained mutation: You curl defensively after being hit. (AC
                  | +7*) [Palentonga growth]
  3749 | D:4      | Reached XP level 7. HP: 6/54 MP: 10/10
  4706 | D:5      | Entered Level 5 of the Dungeon
  4942 | D:5      | Reached skill level 8 in Axes
  5319 | D:5      | Reached XP level 8. HP: 50/63 MP: 11/11
  5894 | D:5      | Noticed Duvessa
  5894 | D:5      | Noticed Dowan
  5907 | D:5      | Killed Duvessa
  5915 | D:5      | HP: 3/64 [Dowan/shard of ice (19)]
  5916 | D:5      | Killed Dowan
  6785 | D:6      | Reached skill level 9 in Axes
  8065 | D:7      | Reached skill level 5 in Fighting
  8065 | D:7      | Found a staircase to the Ecumenical Temple.
  8078 | Temple   | Entered the Ecumenical Temple
  8184 | Temple   | Became a worshipper of Warmaster Okawaru
  8344 | D:7      | Noticed a cyclops
  8580 | D:7      | Reached XP level 9. HP: 68/72 MP: 12/12
  8671 | D:7      | Reached skill level 10 in Axes
  9623 | D:7      | Reached * piety under Okawaru
  9917 | D:7      | Learned a level 2 spell: Blink
 10116 | D:7      | Found a runed translucent door.
 10116 | D:7      | Noticed siradein's ghost (novice GrHu)
 10133 | D:7      | Killed a cyclops
 10134 | D:7      | Reached skill level 11 in Axes
 10403 | D:7      | Reached skill level 5 in Armour
 11143 | D:8      | Noticed a centaur warrior
 11581 | D:8      | Killed a centaur warrior
 11581 | D:8      | Reached ** piety under Okawaru
 11582 | D:8      | Reached XP level 10. HP: 37/84 MP: 13/13
 11874 | D:8      | Reached skill level 12 in Axes
 11874 | D:8      | Reached *** piety under Okawaru
 12087 | D:8      | You fall into a shaft and drop 1 floor!
 12573 | D:9      | Found a shimmering altar of Xom.
 12580 | D:9      | Identified the amulet of the Sun {Regen+ Int+3}
 12955 | D:8      | Noticed a four-headed hydra
 12969 | D:8      | Killed a four-headed hydra
 13163 | D:9      | Reached **** piety under Okawaru
 13217 | D:9      | Noticed a two-headed ogre
 13230 | D:9      | Killed a two-headed ogre
 13231 | D:9      | Reached skill level 13 in Axes
 13407 | D:10     | Entered Level 10 of the Dungeon
 13672 | D:10     | Reached XP level 11. HP: 85/93 MP: 6/14
 13695 | D:10     | Identified the amulet of Fihudah {rN+ Regen+ Str+7}
 13770 | D:10     | Noticed Joseph
 13789 | D:11     | Noticed a cyan ugly thing
 13875 | D:10     | Killed Joseph
 13952 | D:10     | Got the Papyrus of Ignition
 14088 | D:11     | Found a staircase to the Orcish Mines.
 14112 | D:11     | Noticed a two-headed ogre
 14228 | D:10     | Killed a two-headed ogre
 14228 | D:10     | Reached ***** piety under Okawaru
 14229 | D:10     | Reached skill level 14 in Axes
 14433 | D:11     | Noticed a two-headed ogre
 14441 | D:11     | Killed a two-headed ogre
 14514 | D:11     | Noticed a two-headed ogre
 14530 | D:11     | Killed a two-headed ogre
 14546 | D:11     | Killed a cyan ugly thing
 14571 | D:11     | Noticed a boulder beetle
 14640 | D:11     | Found a staircase to the Lair.
 14749 | D:11     | Killed a boulder beetle
 14750 | D:11     | Reached skill level 15 in Axes
 14844 | D:11     | Reached skill level 10 in Fighting
 15141 | D:12     | Noticed a cyan ugly thing
 15274 | D:12     | Noticed a green ugly thing
 15282 | D:12     | Killed a green ugly thing
 15296 | D:12     | Identified the +8 fustibalus of Triumph {flame, Drain rElec
                  | rF+ rCorr} (Okawaru gifted it to you on level 12 of the
                  | Dungeon)
 15296 | D:12     | Received a gift from Okawaru
 15358 | D:12     | Noticed a six-headed hydra
 15380 | D:12     | Killed a six-headed hydra
 15429 | D:12     | Killed a cyan ugly thing
 15572 | D:12     | Reached skill level 16 in Axes
 15572 | D:12     | Reached XP level 12. HP: 103/103 MP: 15/15
 15621 | D:12     | Noticed Psyche
 15622 | D:12     | Killed Psyche
 15919 | Lair:1   | Entered Level 1 of the Lair of Beasts
 16022 | Lair:1   | Found a transporter.
 16027 | Lair:1   | Found a bloodstained altar of Trog.
 16064 | Lair:1   | Found a transporter.
 16069 | Lair:1   | Noticed Gainor's ghost (novice HuMo)
 16086 | Lair:1   | Noticed a six-headed hydra
 16100 | Lair:1   | Killed a six-headed hydra
 16662 | Lair:2   | Received a gift from Okawaru
 16844 | Lair:2   | Found a staircase to the Snake Pit.
 16887 | Lair:2   | Reached skill level 1 in Invocations
 17303 | Lair:2   | Reached skill level 17 in Axes
 17326 | Lair:2   | Identified the +3 ring mail of the Leaf {Contam Will+
                  | Slay+5}
 17812 | Lair:3   | Received a gift from Okawaru
 18226 | Lair:3   | Found a staircase to the Swamp.
 18348 | Lair:3   | Noticed a four-headed hydra
 18362 | Lair:3   | Killed a four-headed hydra
 18363 | Lair:3   | Reached skill level 5 in Invocations
 18374 | Lair:3   | Reached ****** piety under Okawaru
 18374 | Lair:3   | Received a gift from Okawaru
 18375 | Lair:3   | Reached skill level 18 in Axes
 18483 | Lair:3   | Reached XP level 13. HP: 94/110 MP: 17/17
 18816 | Lair:4   | Found a burning altar of Makhleb.
 19140 | Lair:4   | Reached skill level 1 in Evocations
 19967 | Lair:5   | Reached skill level 19 in Axes
 20068 | Lair:5   | Identified the +5 quarterstaff of Oluj {pain, Will++ Str+4
                  | Int-2 Dex+2} (Okawaru gifted it to you on level 5 of the
                  | Lair of Beasts)
 20068 | Lair:5   | Received a gift from Okawaru
 20160 | Lair:5   | Found a staircase to the Slime Pits.
 20160 | Lair:5   | Found a viscous altar of Jiyva.
 20681 | Lair:6   | Entered Level 6 of the Lair of Beasts
 21008 | Lair:6   | Reached skill level 5 in Translocations
 21043 | Lair:6   | Identified the +12 battleaxe "Dragon's Tongue" {flame,
                  | Contam Str+7} (Okawaru gifted it to you on level 6 of the
                  | Lair of Beasts)
 21043 | Lair:6   | Received a gift from Okawaru
 21191 | Lair:6   | Reached XP level 14. HP: 79/117 MP: 15/18
 21207 | Lair:6   | Identified the +7 war axe "Feutoq" {holy, rN+ Int+6 Dex+3}
                  | (Okawaru gifted it to you on level 6 of the Lair of Beasts)
 21207 | Lair:6   | Received a gift from Okawaru
 21208 | Lair:6   | Reached skill level 20 in Axes
 21208 | Lair:6   | Reached skill level 5 in Evocations
 21296 | Lair:6   | Identified the +1 leather armour of the Shining Light
                  | {rCorr}
 21493 | Lair:6   | Noticed Sonja
 21496 | Lair:6   | Killed Sonja
 21581 | Lair:6   | Noticed Snorg
 21617 | Lair:6   | Killed Snorg
 22007 | Orc:1    | Entered Level 1 of the Orcish Mines
 22464 | Orc:1    | Learned a level 5 spell: Manifold Assault
 22509 | Orc:2    | Entered Level 2 of the Orcish Mines
 22879 | Orc:2    | Identified the +9 battleaxe of Addydow {vamp, Fly Will-
                  | Str+4} (Okawaru gifted it to you on level 2 of the Orcish
                  | Mines)
 22879 | Orc:2    | Received a gift from Okawaru
 23036 | Orc:2    | Found Wotiocla's Book Emporium.
 23043 | Orc:2    | Found Qeijakh's Assorted Antiques.
 23057 | Orc:2    | Reached skill level 10 in Translocations
 23106 | Orc:2    | Bought a scroll of identify for 72 gold pieces
 23371 | Orc:2    | Found Ahepiune's Book Shop.
 23469 | Orc:2    | Bought a manual of Fighting for 880 gold pieces
 23475 | Orc:2    | Found Kiyg Boolud's Jewellery Emporium.
 23717 | Orc:2    | Found a staircase to the Elven Halls.
 23871 | D:13     | Found a shadowy altar of Dithmenos.
 23897 | D:13     | Noticed Rupert
 23899 | D:13     | Paralysed by Rupert for 6 turns
 24030 | D:13     | Found a gate leading to a gauntlet.
 24039 | Gauntlet | Entered a Gauntlet
 24039 | Gauntlet | Found a transporter.
 24039 | Gauntlet | Found a transporter.
 24039 | Gauntlet | Found a transporter.
 24049 | Gauntlet | Found a transporter.
 24057 | Gauntlet | Found a transporter.
 24059 | Gauntlet | Found a transporter.
 24066 | Gauntlet | Found a transporter.
 24095 | Gauntlet | Found a transporter.
 24101 | Gauntlet | Found a transporter.
 24176 | Gauntlet | Found a transporter.
 24202 | Gauntlet | Found a transporter.
 24224 | Gauntlet | Found a transporter.
 24382 | Gauntlet | Received a gift from Okawaru
 24416 | Gauntlet | Identified the ring "Gisu" {Fire *Corrode rPois rN+++
                  | Dex-5}
 24434 | Gauntlet | Identified the +6 quarterstaff of Resumed Hostilities
                  | {holy, *Slow Int+4}
 24434 | Gauntlet | Identified the +8 chain mail of Plasticity {rN+}
 24561 | D:13     | Noticed Nessos
 24566 | D:13     | Found Earendil's Dragon-Slaying Spoils.
 24566 | D:13     | Killed Nessos
 24942 | D:13     | Killed Rupert
 25566 | D:14     | Found a gate to the Vaults.
 25573 | D:14     | Reached XP level 15. HP: 114/130 MP: 3/19
 26199 | D:15     | Entered Level 15 of the Dungeon
 26285 | D:15     | Received a gift from Okawaru
 26295 | D:15     | Reached skill level 15 in Fighting
 26488 | D:15     | Identified the +0 pair of gloves of Boifo {rN+ Regen+
                  | Dex+4}
 26633 | D:15     | Noticed AyAyRon's ghost (adept DsFi)
 26651 | D:15     | Found a transporter.
 26847 | D:15     | Found a transporter.
 26869 | D:15     | Identified the +0 barding "Ykuss" {rElec Regen+ rCorr
                  | Dex-3} (Okawaru gifted it to you on level 15 of the
                  | Dungeon)
 26869 | D:15     | Received a gift from Okawaru
 26884 | D:15     | Killed AyAyRon's ghost
 26915 | D:15     | Identified the +1 helmet of the Lonely Priests {Harm rElec
                  | rPois SInv}
 27182 | D:15     | Found a staircase to the Depths.
 27422 | Swamp:1  | Entered Level 1 of the Swamp
 27914 | Swamp:1  | Identified the +8 whip "Feb Bomi" {holy, rPois}
 28242 | Swamp:2  | Received a gift from Okawaru
 28243 | Swamp:2  | Reached XP level 16. HP: 153/153 MP: 20/20
 28246 | Swamp:2  | Noticed a thorn hunter
 28248 | Swamp:2  | Noticed Donald
 28251 | Swamp:2  | Noticed a thorn hunter
 28253 | Arena    | Entered the Arena
 28255 | Arena    | Killed a thorn hunter
 28275 | Swamp:2  | Killed a thorn hunter
 28282 | Swamp:2  | Killed Donald
 29415 | Swamp:4  | Entered Level 4 of the Swamp
 29840 | Swamp:4  | Reached skill level 10 in Evocations
 29934 | Swamp:4  | Received a gift from Okawaru
 29941 | Swamp:4  | Noticed the 27-headed Lernaean hydra
 29951 | Swamp:4  | HP: 2/153 [the 26-headed Lernaean hydra (12)]
 29951 | Swamp:4  | Mangled by the 26-headed Lernaean hydra

Illustrated notes

Levels and vault maps discovered:
D:1:      scummos_arrival_star, layout_basic
D:2:      layout_rooms, basic_altar, minmay_heptomino_o4, uniq_robin
D:3:      layout_basic, shapermc_ecumenical_altar_mp_highgroup, uniq_grinder,
          uniq_natasha
D:4:      layout_loops_ring
D:5:      layout_basic, serial_aquarium, aquarium_bridge_square
          [aquarium_subvault_window, aquarium_subvault_window,
          aquarium_subvault_wall, aquarium_subvault_bridge],
          aquarium_bridge_straight [aquarium_subvault_bridge,
          aquarium_subvault_window, aquarium_subvault_bridge,
          aquarium_subvault_wall], aquarium_window_2, aquarium_window_fake,
          aquarium_view_2d, aquarium_balcony_5a, grunt_ministairs_1,
          minmay_manual_maat, uniq_duvessa
D:6:      layout_basic, minmay_misc_feat_cross
D:7:      kennysheep_seaside_town, layout_cave_pools,
          minmay_temple_entry_purple_smoke, gammafunk_ghost_grave
D:8:      layout_cave_pools
D:9:      layout_basic, xom_butterflies
D:10:     layout_rooms, serial_curves, eino_curves_03, eino_curves_03,
          eino_curves_02, uniq_joseph
D:11:     layout_long_grid, david_lair_shrubbed, orc_0_dummy, worms_lemuel
D:12:     layout_loops_ring, uniq_psyche
D:13:     layout_long_grid, gauntlet_entry_generic, nicolae_shop_dragon_depot,
          grunt_dithmenos_smoke, uniq_frances, uniq_nessos, uniq_rupert
D:14:     kennysheep_spiral_hall, layout_loops_ring, erik_vaults_2,
          chequers_big_river
D:15:     gammafunk_enter_depths_forms, layout_loops_ring,
          gammafunk_ghost_mausoleum, dk_noncrumbling_3
Temple:   mainiacjoe_temple_archimedes_tessellation
Lair:1:   layout_roguey, gammafunk_ghost_wrathful_warriors, lemuel_fruit_fields
Lair:2:   layout_long_grid, guppyfry_snake_entry_garden, grunt_megastairs_3,
          serial_bayou_shore_b
Lair:3:   layout_hall_layers, minmay_swamp_entry_reptiles, lemuel_fruit_tree
Lair:4:   nzn_winding_woodlands_stair_trap [nzn_winding_woodlands_5x15_pockets,
          nzn_winding_woodlands_5x15_sidewinder,
          nzn_winding_woodlands_5x15_longhouse,
          nzn_winding_woodlands_15x15_boxy_spiral,
          nzn_winding_woodlands_5x15_pool,
          nzn_winding_woodlands_5x15_pathside_ponds,
          nzn_winding_woodlands_5x15_sawtooth], layout_regular_city,
          basic_altar, hangedman_lair_unloving_vines, roderic_carrion_pond
Lair:5:   layout_small_grid, slime_altar_1
Lair:6:   grunt_lair_end_beastmaster, layout_small_grid, hibernation_bobbens,
          infiniplex_staircase_pool, uniq_sonja, uniq_snorg
Swamp:1:  layout_basic_swamp, nicolae_swamp_oxbows
Swamp:2:  layout_basic_swamp, hangedman_swamp_blocks, uniq_donald
Swamp:3:  layout_basic_swamp, evilmike_swamp_ruin_house_1, swamp_pool1,
          st_swamp_ruins_1
Swamp:4:  swamp_old_school, layout_basic_swamp, swamp_pool2,
          nicolae_swamp_fairy_circle, hangedman_swamp_cone
Orc:1:    layout_caves
Orc:2:    st_orc_town, layout_caves

Skill      XL: |  1  2  3  4  5  6  7  8  9 10 11 12 13 14 15 16 |
---------------+-------------------------------------------------+-----
Axes           | 3 4 6 7 8 9 11 13 16 18 19 20 | 20.0
Armour         | 1 2 3 5 6 |  6.6
Fighting       | 3 5 7 8 10 12 17 18 | 18.2
Invocations    | 5 6 |  6.0
Evocations     | 4 9 10 | 10.2
Translocations | 6 10 12 | 12.2
Dodging        | 2 4 |  4.5
Throwing       | |  0.6
Spellcasting   | |  2.0

Action                   |  1- 3 |  4- 6 |  7- 9 | 10-12 | 13-15 | 16-18 || total
-------------------------+-------+-------+-------+-------+-------+-------++-------
Melee: Hand axe          |    43 |       |    15 |    13 |       |       ||    71
       Tailslap          |    11 |     6 |    54 |    77 |   120 |    21 ||   289
       Dagger            |    21 |       |       |       |       |       ||    21
       Executioner's axe |    54 |    10 |    64 |   331 |   181 |       ||   640
       Whip              |       |    77 |   316 |   113 |     5 |       ||   511
       Punch             |       |       |       |     1 |       |       ||     1
       Battleaxe         |       |       |       |       |   477 |   145 ||   622
Throw: Boomerang         |     1 |       |       |       |       |       ||     1
       Javelin           |       |     3 |     5 |     2 |       |       ||    10
       Dart              |       |       |    28 |    54 |     7 |     2 ||    91
 Cast: Manifold Assault  |       |       |       |       |    23 |     7 ||    30
       Blink             |       |       |       |       |     3 |     1 ||     4
Invok: Heroism           |       |       |     2 |    10 |     9 |     2 ||    23
       Finesse           |       |       |       |     1 |     3 |     1 ||     5
       Duel              |       |       |       |       |       |     1 ||     1
 Abil: Rolling Charge    |     3 |       |    17 |    39 |    57 |    28 ||   144
Evoke: Wand              |       |       |       |     5 |     2 |     1 ||     8
       Tin of tremorston |       |       |       |       |     1 |       ||     1
  Use: Scroll            |     2 |       |     8 |     8 |    10 |     1 ||    29
       Potion            |       |     2 |     1 |     2 |       |       ||     5
 Stab: Confused          |       |       |       |     1 |       |       ||     1
       Petrified         |       |       |       |       |     3 |       ||     3
       Petrifying        |       |       |       |       |     1 |       ||     1
       Paralysed         |       |       |       |       |     2 |       ||     2
       Sleeping          |       |       |       |       |     1 |       ||     1
Armor: Plate armour      |   137 |    66 |   310 |   241 |       |       ||   754
       Leather armour    |     5 |       |       |       |       |       ||     5
       Ring mail         |       |       |       |    47 |   260 |   155 ||   462
Dodge: Dodged            |     7 |     5 |    50 |   115 |   169 |    64 ||   410

Table legend: (Time is in decaauts)
 A = Elapsed time spent in this place.
 B = Non-inter-level travel time spent in this place.
 C = Inter-level travel time spent in this place.
 D = Time resting spent in this place.
 E = Time spent auto-exploring this place.
 F = Levels seen in this place.
 G = Mean time per level.
                   A        B        C        D        E       F      G
               +--------+--------+--------+--------+--------+-----+--------+
         Total |  30073 |  28461 |   1612 |   5729 |  17277 |  30 | 1002.4 |
       Dungeon |  18963 |  17904 |   1059 |   4984 |   9751 |  15 | 1264.2 |
        Temple |    145 |     76 |     69 |      0 |     65 |   1 |  145.0 |
          Lair |   6053 |   5729 |    324 |    299 |   4495 |   6 | 1008.8 |
         Swamp |   2692 |   2569 |    123 |    198 |   1697 |   4 |  673.0 |
  Orcish Mines |   1772 |   1736 |     36 |    217 |   1204 |   2 |  886.0 |
      Gauntlet |    432 |    432 |      0 |     28 |     64 |   1 |  432.0 |
         Arena |     13 |     13 |      0 |      2 |      0 |   1 |   13.0 |
               +--------+--------+--------+--------+--------+-----+--------+

Top non-repeatable levels by time:
     D:7: 3130 daAuts
     D:1: 1936 daAuts
     D:5: 1828 daAuts
     D:6: 1769 daAuts
  Lair:4: 1226 daAuts
     D:4: 1225 daAuts
   Orc:2: 1193 daAuts
    D:14: 1176 daAuts
    D:11: 1167 daAuts
  Lair:2: 1147 daAuts
  Lair:6: 1141 daAuts
    D:15: 1012 daAuts
  Lair:3: 995 daAuts
     D:8: 913 daAuts
     D:9: 879 daAuts
